 Dungeon Sprint DCSS version 0.26-a0-1177-g1209ec82b9 (webtiles) character file.

Game seed: 2817050768981028871

1094 reriks the Blocker (level 8, 0/82 HPs)
             Began as a Deep Dwarf Fighter on Dec 25, 2020.
             Slain by a boulder beetle (18 damage)
             ... in the Dungeon (Sprint II: "The Violet Keep of Menkaure").
             The game lasted 00:02:38 (331 turns).

reriks the Blocker (Deep Dwarf Fighter)              Turns: 331, Time: 00:02:39

Health: 0/82       AC: 10    Str: 22    XL:     8   Next: 10%
Magic:  7/7        EV:  9    Int:  9    God:
Gold:   25         SH: 12    Dex: 12    Spells: 7/7 levels left

rFire    . . .     SeeInvis +   a - +0 war axe (vorpal)
rCold    . . .     Faith    .   c - +0 kite shield
rNeg     . . .     Spirit   .   b - +0 scale mail
rPois    +         Reflect  .   (no helmet)
rElec    .         Harm     .   (no cloak)
rCorr    .         Rampage  .   (no gloves)
Will     +....     NoTele   +   l - +0 pair of boots of Lucidity {Slay+5 SInv}
Stlth    ..........             (no amulet)
HPRegen  0.00/turn              i - ring of poison resistance
MPRegen  0.10/turn              (no ring)

@: non-regenerating
A: damage resistance, heal wounds, sense surroundings 1, no regeneration
a: Heal Wounds


You were in the Dungeon.
You visited 1 branch You collected 729 gold pieces.
You spent 704 gold pieces at shops.

Inventory:

Hand Weapons
 a - a +0 vorpal war axe (weapon)
Armour
 b - a +0 scale mail (worn)
 c - a +0 kite shield (worn)
 l - the +0 pair of boots of Lucidity (worn) {Slay+5 SInv}
   (You bought it in a shop in the Dungeon)

   It affects your accuracy and damage with ranged weapons and melee attacks
   (+5).
   It lets you see invisible.
Jewellery
 i - a ring of poison resistance (left hand)
Scrolls
 j - a scroll of blinking
 k - a scroll of identify
Potions
 d - a potion of might
 e - a potion of curing
 f - a potion of heal wounds
 g - a potion of haste
 h - 2 potions of magic


   Skills:
 + Level 8.7 Fighting
 + Level 10.0 Axes
 + Level 10.3 Armour
 + Level 10.3 Shields


You had 7 spell levels left.
You didn't know any spells.
Your spell library was empty.

Dungeon Overview and Level Annotations

Branches:
Dungeon (1/1)

Altars:

Shops:
D =(:}=!*![*[:?[=

Annotations:
D exclusion: oklob plant


Innate Abilities, Weirdness & Mutations

You are resistant to damage.
You can heal yourself by infusing magical energy.
You passively map a small area around you.
You do not regenerate.


Message History

You slash the boulder beetle!
The boulder beetle is moderately wounded.
The boulder beetle bites you!!
You barely miss the boulder beetle.
The boulder beetle is moderately wounded.
The boulder beetle bites you!
You slash the boulder beetle!
The boulder beetle is heavily wounded.
The boulder beetle bites you but does no damage.
You hit the boulder beetle but do no damage.
The boulder beetle is heavily wounded.
The boulder beetle bites you but does no damage.
You hit the boulder beetle but do no damage.
The boulder beetle is heavily wounded.
The boulder beetle bites you!!
* * * LOW HITPOINT WARNING * * *
You slash the boulder beetle!
The boulder beetle is severely wounded.
The boulder beetle bites you!!
You die...

........#≈≈≈≈.##+## *, *
....⌠...#≈≈≈≈##...## +
...∩.∩..#≈≈≈≈#..#..# , ,,
..∩.∩.∩.#≈≈####.).#### *
...∩.∩.∩#≈##.###'###.## ,
, ^
∩.∩...∩.#≈#...##.##.#.# ,
* *
.∩.....∩†≈+.##†.<.÷###+ *
∩.......#≈#...##.##.#.#
,** ,
▓▓▓▓▓▓###≈##.###@###.## ,
(hh######≈≈####$#B####≈≈
,, $?D#E? ##≈≈≈#..*..# ≈ ,
, ∩P(+.$#+ #'#≈##.#.## ≈≈≈
≈ ,
)$.#(##;*#(#≈≈##+##≈≈≈§≈
?)!###≈§≈####≈≈≈≈≈B§≈§≈≈≈≈
#+###≈≈≈ *,#+++#+++#≈§§ ,
,* ≈ *


zzzz * * ≈ ** zzzz°≈≈* You could see a boulder beetle.

Vanquished Creatures
  A merfolk siren (D)
  2 wyverns (D)
  A water moccasin (D)
  4 necrophages (D)
  A scorpion (D)
9 creatures vanquished.

Notes
Turn   | Place    | Note
-------+----------+-------------------------------------------
     0 | D        | reriks the Deep Dwarf Fighter began the quest for the Orb.
     0 | D        | Reached XP level 1. HP: 20/20 MP: 1/1
     1 | D        | Noticed a merfolk siren
    10 | D        | Killed a merfolk siren
    11 | D        | Reached XP level 2. HP: 3/34 MP: 2/2
    11 | D        | Reached XP level 3. HP: 4/42 MP: 3/3
    11 | D        | Reached XP level 4. HP: 4/49 MP: 4/4
    11 | D        | Reached XP level 5. HP: 5/56 MP: 5/5
    11 | D        | Reached XP level 6. HP: 6/63 MP: 6/6
    25 | D        | Noticed a wyvern
    25 | D        | Noticed a wyvern
    33 | D        | Killed a wyvern
    50 | D        | Killed a wyvern
    51 | D        | Reached XP level 7. HP: 63/73 MP: 7/7
   191 | D        | Reached skill level 10 in Armour
   191 | D        | Reached skill level 10 in Shields
   201 | D        | Noticed a boulder beetle
   201 | D        | Noticed a boulder beetle
   208 | D        | Found Jalaorphy's Magic Scroll Shoppe.
   208 | D        | Found Mulasheck's Antique Armour Shoppe.
   208 | D        | Found Dasamu Jiwk's Armour Emporium.
   208 | D        | Found Botett's Book Emporium.
   208 | D        | Found Bumueps's Antique Armour Shoppe.
   208 | D        | Found Nuwur's Assorted Antiques.
   209 | D        | Found Waxedeen's Distillery.
   209 | D        | Found Zaesarphu's Assorted Antiques.
   210 | D        | Found Myipho's Distillery.
   210 | D        | Found Kehenk's Jewellery Emporium.
   211 | D        | Found Racurin's Jewellery Emporium.
   233 | D        | Found Puremo's Gadget Shoppe.
   233 | D        | Noticed a polar bear
   233 | D        | Noticed a polar bear
   233 | D        | Noticed an oklob plant
   234 | D        | Found Loofy's Antique Weapon Shoppe.
   234 | D        | Found Feash's Jewellery Emporium.
   234 | D        | Found Afyvuch's Book Shoppe.
   234 | D        | Noticed an ice dragon
   242 | D        | Reached skill level 10 in Axes
   242 | D        | Reached XP level 8. HP: 82/82 MP: 8/8
   242 | D        | Bought an uncursed ring of poison resistance for 260 gold
                  | pieces
   245 | D        | Bought a scroll of brand weapon for 240 gold pieces
   248 | D        | Bought a pair of steaming boots for 180 gold pieces
   249 | D        | Noticed an iron elemental
   261 | D        | Identified the +0 pair of boots of Lucidity {Slay+5 SInv}
                  | (You bought it in a shop in the Dungeon)
   269 | D        | Bought a scroll of identify for 24 gold pieces
   276 | D        | Noticed a flying skull
   277 | D        | Noticed a flying skull
   277 | D        | Noticed a flying skull
   278 | D        | Noticed a flying skull
   279 | D        | Noticed a flying skull
   279 | D        | Noticed a flying skull
   279 | D        | Noticed a flying skull
   280 | D        | Noticed a flying skull
   280 | D        | Noticed a flying skull
   280 | D        | Noticed a flying skull
   280 | D        | Noticed a flying skull
   331 | D        | Slain by a boulder beetle

Illustrated notes

Levels and vault maps discovered:
D:        the_violet_keep_of_menkaure [sprint2_stairs_cluster_1,
          sprint2_shoproom, sprint2_temple, sprint2_basic_supplies,
          sprint2_obstacle_1, sprint2_obstacle_6, sprint2_obstacle_5,
          sprint2_obstacle_7, sprint2_obstacle_3, sprint2_timed_cluster_1,
          sprint2_smallroom_cluster_1, sprint2_smallroom_final_cluster_1,
          sprint2_transparent_cluster_1, sprint2_second_timed_cluster_1,
          sprint2_sniper_area_1, sprint2_heavy_combat_area_1,
          sprint2_mutation_trap_area_1, sprint2_forest_area_1,
          sprint2_light_combat_area_1, sprint2_behind_water_1,
          sprint2_near_end_vault_1]

Skill      XL: |  1  2  3  4  5  6  7 |
---------------+----------------------+-----
Fighting       | 6 7 8 |  8.7
Axes           | 7 8 10 | 10.0
Armour         | 7 9 10 | 10.3
Shields        | 7 9 10 | 10.3

Action                   |  1- 3 |  4- 6 |  7- 9 || total
-------------------------+-------+-------+-------++-------
Melee: War axe           |     7 |    21 |    60 ||    88
 Abil: Heal Wounds       |       |     6 |     5 ||    11
  Use: Potion            |     1 |       |       ||     1
       Scroll            |       |       |     1 ||     1
Armor: Scale mail        |     1 |     9 |    10 ||    20
Dodge: Dodged            |       |     8 |     8 ||    16
Block: Kite shield       |     1 |    13 |    25 ||    39

Table legend: (Time is in decaauts)
 A = Elapsed time spent in this place.
 B = Non-inter-level travel time spent in this place.
 C = Inter-level travel time spent in this place.
 D = Time resting spent in this place.
 E = Time spent auto-exploring this place.
 F = Levels seen in this place.
 G = Mean time per level.
                   A        B        C        D        E       F      G
               +--------+--------+--------+--------+--------+-----+--------+
         Total |    361 |    361 |      0 |    100 |     13 |   1 |  361.0 |
       Dungeon |    361 |    361 |      0 |    100 |     13 |   1 |  361.0 |
               +--------+--------+--------+--------+--------+-----+--------+

Top non-repeatable levels by time:
       D: 361 daAuts
